 Dungeon Crawl Stone Soup version 0.29-a0-100-g60f898f876 (webtiles) character file.

Game seed: 4569538874637158984

740 cyrus the Poker (level 7, -5/55 HPs)
             Began as a Merfolk Fighter on Feb 14, 2022.
             Was an Initiate of Hepliaklqana.
             Killed by nerve-wracking pain
             ... invoked by an orc priest
              (16 damage)
             ... on level 5 of the Dungeon on Feb 15, 2022.
             The game lasted 00:10:25 (4904 turns).

cyrus the Poker (Merfolk Fighter)                   Turns: 4904, Time: 00:10:26

Health: -5/55      AC: 11    Str: 17    XL:     7   Next: 75%
Magic:  7/7        EV:  9    Int:  9    God:    Hepliaklqana [......]
Gold:   79         SH: 10    Dex: 13    Spells: 6/6 levels left

rFire   . . .      SeeInvis .   t - +1 spear (freeze)
rCold   + . .      Faith    .   c - +0 buckler
rNeg    . . .      Spirit   .   u - +2 scale mail of Curiosity {Harm rC+ Slay+3}
rPois   .          Reflect  +   p - +0 helmet
rElec   .          Harm     +   (no cloak)
rCorr   .          Rampage  .   i - +0 pair of gloves
Will    .....                   (no boots)
Stlth   ..........              h - amulet of reflection
HPRegen 0.18/turn               (no ring)
MPRegen 0.10/turn               (no ring)

@: no status effects
A: (nimble swimmer 2), mertail
a: Renounce Religion


You were on level 5 of the Dungeon.
You worshipped Hepliaklqana.
Hepliaklqana was noncommittal.
You visited 2 branches of the dungeon, and saw 6 of its levels.

You collected 240 gold pieces.
You spent 161 gold pieces at shops.

Inventory:

Hand Weapons
 a - a +0 trident
 t - a +1 spear of freezing (weapon)
Missiles
 d - a throwing net (quivered)
Armour
 b - a +0 scale mail
 c - a +0 buckler (worn)
 i - a +0 pair of gloves (worn)
 p - a +0 helmet (worn)
 u - the +2 scale mail of Curiosity (worn) {Harm rC+ Slay+3}
   (You found it on level 4 of the Dungeon)

   Slay:      It affects your accuracy & damage with ranged weapons and melee
   (+3).
   rC:        It protects you from cold.
   Harm:      It increases damage dealt and taken.
Jewellery
 h - an amulet of reflection (around neck)
 j - an amulet of faith
Wands
 k - a wand of digging (6)
Scrolls
 g - 2 scrolls of teleportation {unknown}
 n - 2 scrolls of amnesia {unknown}
 o - 3 scrolls of enchant armour {unknown}
 r - 3 scrolls of identify {unknown}
Potions
 e - 4 potions of curing {unknown}
 f - 2 potions of brilliance {unknown}
 l - 2 potions of mutation {unknown}
 m - a potion of attraction {unknown}
 q - a potion of lignification {unknown}
 s - 2 potions of invisibility {unknown}


   Skills:
 + Level 4.5 Fighting
 + Level 7.7 Polearms
 + Level 3.9 Armour
 + Level 2.0 Dodging
 + Level 0.5 Stealth
 + Level 4.6 Shields


You had 6 spell levels left.
You didn't know any spells.
Your spell library contained the following spells:

 Spells                   Type           Power      Damage    Failure   Level
 Beastly Appendage        Tmut           0%         N/A       86%         1
 Pain                     Necr           0%         1d4       86%         1
 Scorch                   Fire           0%         2d5       95%         2
 Wereblood                Tmut           0%         N/A       95%         2
 Spider Form              Tmut/Pois      0%         N/A       99%         3
 Agony                    Necr           0%         N/A       100%        5
 Excruciating Wounds      Necr           0%         N/A       100%        5
 Ignition                 Fire           0%         3d3       100%        8


Dungeon Overview and Level Annotations

Branches:
Dungeon (5/15)             Temple (1/1) D:4

Altars:
Ashenzari
Cheibriados
Dithmenos
Elyvilon
Fedhas
Gozag
Hepliaklqana
Kikubaaqudgha
Makhleb
Nemelex Xobeh
Qazlal
Ru
Sif Muna
Trog
Uskayaw
Vehumet
Wu Jian
Xom
Yredelemnul
Zin
The Shining One

Shops:
D:2 *(((*   D:4 *

Annotations:
D:4 3 runed translucent doors, IdlyInterested's ghost, novice FoFi; circuitbored's ghost, amateur TrFi
D:5 Grinder


Innate Abilities, Weirdness & Mutations

((You are very nimble when in or above water. (Stealth+, EV+, Speed+++)))
Your lower body shifts to a powerful aquatic tail in water.


Message History

You destroy the howler monkey skeleton!
You hit Grinder but do no damage.
Grinder is heavily wounded.
Grinder hits you.
You closely miss Grinder.
Grinder is heavily wounded.
An orc priest comes into view. It is wielding a +0 club.
You hit Grinder.
Grinder is heavily wounded.
Grinder blinks!
The orc priest looks encouraged for a moment.
You hit the orc. You freeze the orc.
You kill the orc!
You puncture the orc priest! You freeze the orc priest.
The orc priest is severely wounded.
You hit the orc priest. You freeze the orc priest.
You kill the orc priest!
You block the orc's attack.
You see here a +0 short sword.
You hit the orc. You freeze the orc.
You kill the orc!
The orc priest invokes the aid of Beogh against you.
Beogh smites you!
* * * LOW HITPOINT WARNING * * *
Things that are here:
a +0 club; a +0 leather armour The orc priest closely misses you.
Things that are here:
a +0 club; a +0 leather armour You hit the orc priest.
You freeze the orc priest.
The orc priest is moderately wounded.
You block the orc priest's attack.
Grinder blinks!
You closely miss the orc priest.
The orc priest is moderately wounded.
The orc priest barely misses you. You block Grinder's attack.
You hit the orc priest. You freeze the orc priest.
The orc priest is moderately wounded.
The orc priest mumbles some strange prayers to Beogh against you.
Pain shoots through your body!
You die...

....... #..#
....... ##...#
....... #..#
....... # #.##
....... #. #.#
.......####.####<#
#..)§##..#...# .#
#.....##o# #...###
#.# ..###
#@####...####.#
#.5# ##..#....#
##.####..#....#
#..##...#....#
######.(>.........#
...........#.†....#
########.....#....#
#..#..####.#
##.###>.# #.#


You could see Grinder and an orc priest.

Vanquished Creatures
  Sigmund (D:2)
  Menkaure (D:5)
  2 scorpions
  A centaur zombie (D:4)
  A hound (D:4)
  An orc priest (D:5)
  A centaur skeleton (D:3)
  2 orc wizards
  3 iguanas
  A howler monkey skeleton (D:5)
  3 adders
  2 dart slugs
  9 orcs
  9 bats
  8 endoplasms
  5 giant cockroaches
  5 goblins
  5 hobgoblins
  5 kobolds
  2 quokkas
  6 ball pythons
  5 frilled lizards
  5 rats
83 creatures vanquished.

Vanquished Creatures (others)
  2 plants (D:4)
  6 withered plants (D:4)
8 creatures vanquished.

Grand Total: 91 creatures vanquished

Notes
Turn   | Place    | Note
-------+----------+-------------------------------------------
     0 | D:1      | cyrus the Merfolk Fighter began the quest for the Orb.
     0 | D:1      | Reached XP level 1. HP: 18/18 MP: 1/1
   187 | D:1      | Reached XP level 2. HP: 24/24 MP: 2/2
  1066 | D:1      | Reached XP level 3. HP: 29/29 MP: 3/3
  1683 | D:2      | Found Qobru's Assorted Antiques.
  1761 | D:2      | Found Keacwiol's Weapon Boutique.
  2015 | D:2      | Noticed Sigmund
  2016 | D:2      | Found Ritzowuhi's Antique Weapon Boutique.
  2029 | D:2      | Killed Sigmund
  2030 | D:2      | Reached skill level 5 in Polearms
  2030 | D:2      | Reached skill level 1 in Dodging
  2030 | D:2      | Reached XP level 4. HP: 31/37 MP: 4/4
  2030 | D:2      | Reached XP level 5. HP: 35/42 MP: 5/5
  2276 | D:2      | Found Ajeron's Assorted Antiques.
  2302 | D:2      | Found Ommuvael's Weapon Boutique.
  2563 | D:3      | Reached skill level 6 in Polearms
  2669 | D:3      | Reached XP level 6. HP: 37/48 MP: 6/6
  3410 | D:2      | Bought a +1 spear of freezing for 161 gold pieces
  3511 | D:4      | Found Guczearch's Assorted Antiques.
  3606 | D:4      | Identified the +2 scale mail of Curiosity {Harm rC+ Slay+3}
  3788 | D:4      | Found a staircase to the Ecumenical Temple.
  3803 | Temple   | Entered the Ecumenical Temple
  3881 | Temple   | Became a worshipper of Hepliaklqana the Forgotten
  3907 | D:4      | Found a runed translucent gate.
  3907 | D:4      | Found a runed translucent gate.
  3918 | D:4      | Found a runed translucent gate.
  3919 | D:4      | Noticed IdlyInterested's ghost (novice FoFi)
  3919 | D:4      | Noticed circuitbored's ghost (amateur TrFi)
  4106 | D:4      | Got Asmodeus's Incunabulum of Flames
  4146 | D:4      | Reached XP level 7. HP: 54/54 MP: 7/7
  4412 | D:5      | Entered Level 5 of the Dungeon
  4757 | D:5      | Reached skill level 7 in Polearms
  4857 | D:5      | Noticed Menkaure
  4859 | D:5      | Noticed Grinder
  4871 | D:5      | Killed Menkaure
  4904 | D:5      | Killed from afar by an orc priest

Illustrated notes

Levels and vault maps discovered:
D:1:      tarquinn_simple_flora_water_e, layout_basic
D:2:      layout_basic, serial_shops, nicolae_shop_statue_plus,
          nicolae_square_shop, nicolae_shop_stone, shop,
          nicolae_shop_bloodbath_and_beyond, uniq_sigmund
D:3:      layout_basic
D:4:      layout_layer_cave, minmay_temple_entry_butterflies, serial_shops,
          nicolae_shop_overgrown_old_shop, gammafunk_ghost_cemetery
D:5:      layout_rooms, mainiacjoe_overflow_alcove_2, uniq_grinder,
          uniq_menkaure, uniq_crazy_yiuf_cottage, uniq_eustachio
Temple:   dpeg_three_leaves_temple

Skill      XL: |  1  2  3  4  5  6  7 |
---------------+----------------------+-----
Polearms       | 5 6 7 |  7.7
Dodging        | 1 2 |  2.0
Armour         | 3 |  3.9
Fighting       | 4 |  4.5
Shields        | 4 |  4.6
Stealth        | |  0.5

Action                   |  1- 3 |  4- 6 |  7- 9 || total
-------------------------+-------+-------+-------++-------
Melee: Trident           |    92 |    84 |       ||   176
       Spear             |       |    43 |    53 ||    96
  Use: Potion            |     1 |     1 |       ||     2
Armor: Scale mail        |    80 |    38 |    14 ||   132
Dodge: Dodged            |    64 |    46 |    13 ||   123
Block: Buckler           |    52 |    61 |    15 ||   128
       Reflection        |       |     1 |     1 ||     2

Table legend: (Time is in decaauts)
 A = Elapsed time spent in this place.
 B = Non-inter-level travel time spent in this place.
 C = Inter-level travel time spent in this place.
 D = Time resting spent in this place.
 E = Time spent auto-exploring this place.
 F = Levels seen in this place.
 G = Mean time per level.
                   A        B        C        D        E       F      G
               +--------+--------+--------+--------+--------+-----+--------+
         Total |   4903 |   4767 |    136 |   1060 |   2502 |   6 |  817.2 |
       Dungeon |   4809 |   4673 |    136 |   1060 |   2502 |   5 |  961.8 |
        Temple |     94 |     94 |      0 |      0 |      0 |   1 |   94.0 |
               +--------+--------+--------+--------+--------+-----+--------+

Top non-repeatable levels by time:
     D:2: 1351 daAuts
     D:1: 1238 daAuts
     D:3: 940 daAuts
     D:4: 797 daAuts
     D:5: 481 daAuts
  Temple: 94 daAuts
